 Dungeon Crawl Stone Soup version 0.31.0-32-g396128a36d (webtiles) character file.

Game seed: 8342767702507655726

1400 CmdrRubz the Trooper (level 8, -8/65 (73) HPs)
             Began as a Minotaur Berserker on Apr 15, 2024.
             Was a Priest of Trog.
             Mangled by a wight
             ... wielding a +4 battleaxe of freezing
              (10 damage)
             ... on level 6 of the Dungeon.
             The game lasted 00:14:24 (5346 turns).

CmdrRubz the Trooper (Minotaur Berserker)           Turns: 5346, Time: 00:14:27

HP:   -8/65 (73)    AC:  3    Str: 24    XL:     8   Next: 41%
MP:   7/7           EV: 12    Int:  4    God:    Trog [***...]
Gold: 441           SH:  0    Dex: 10    Spells: 7/7 levels left

rFire   . . .        m - +1 whip (elec)
rCold   . . .        (no shield)
rNeg    . . .        D - +0 troll leather armour {Pargi}
rPois   .            (helmet restricted)
rElec   .            (no cloak)
rCorr   .            (no gloves)
SInv    .            (no boots)
Will    .....        (no amulet)
Stlth   +            (no ring)
HPRegen 1.10/turn    (no ring)
MPRegen 0.10/turn

%: no passive effects
@: heavily drained
A: horns 2, retaliatory headbutt
a: Renounce Religion, Berserk, Trog's Hand


You were on level 6 of the Dungeon.
You worshipped Trog.
Trog was most pleased with you.
You visited 1 branch of the dungeon, and saw 7 of its levels.
You also visited: Sewer.

You collected 441 gold pieces.

Inventory:

Hand Weapons
 a - a +0 hand axe
 m - a +1 whip of electrocution (weapon)
 A - the +7 Throatcutter {drain, coup de grace}
   (You found it on level 4 of the Dungeon)
Armour
 b - a +0 animal skin
 c - a +0 ring mail
 w - a +0 scale mail
 C - a +0 plate armour
 D - a +0 troll leather armour (worn) {Pargi}
Jewellery
 l - a ring of magical power
 E - a ring of ice
 G - a ring of ice
Talismans
 q - a granite talisman
Scrolls
 e - a scroll of brand weapon {unknown}
 f - a scroll of poison {unknown}
 g - 4 scrolls of immolation
 j - 2 scrolls of fog {unknown}
 p - a scroll of blinking {unknown}
 r - 3 scrolls of noise {unknown}
 s - 2 scrolls of identify {unknown}
 t - 2 scrolls of fear {unknown}
 u - a scroll of torment {unknown}
 v - a scroll of enchant weapon {unknown}
 y - 2 scrolls of vulnerability {unknown}
 z - a scroll of revelation {unknown}
 I - a scroll of amnesia {unknown}
 J - a scroll of teleportation {unknown}
Potions
 d - a potion of degeneration {unknown}
 h - 2 potions of lignification {unknown}
 i - 5 potions of curing {unknown}
 k - 2 potions of ambrosia {unknown}
 n - 2 potions of invisibility {unknown}
 o - 5 potions of might {unknown}
 x - a potion of attraction {unknown}
 B - a potion of berserk rage
 F - a potion of resistance {unknown}
 H - 2 potions of brilliance {unknown}
 K - a potion of mutation {unknown}


   Skills:
 + Level 7.3 Fighting
 * Level 7.1 Long Blades
 - Level 4.1(4.9) Axes
 - Level 3.8(4.7) Maces & Flails
 + Level 6.7 Armour
 - Level 2.1 Dodging


You had 7 spell levels left.
You didn't know any spells.
Your spell library was empty.

Dungeon Overview and Level Annotations

Branches:
Dungeon (7/15)             Temple (0/1) D:6           Sewer (visited)

Altars:

Shops:
D:4 (   D:7 =


Innate Abilities, Weirdness & Mutations

You have a pair of horns on your head.
You reflexively headbutt those who attack you in melee.


Message History

Trog accepts your kill.
You hit the gnoll bouda but do no damage.
The gnoll bouda is severely wounded.
The gnoll bouda gazes fiercely through you!
You feel your attacks grow feeble.
The gnoll bouda hits you with a +0 club.
You closely miss the gnoll bouda. You headbutt the gnoll bouda.
The gnoll bouda is almost dead.
The gnoll bouda hits you with a +0 club!
You hit the gnoll bouda.
You kill the gnoll bouda!
Trog accepts your kill.
Things that are here:
a +0 club; a +0 robe; a gnoll corpse Your attacks no longer feel as feeble.
Things that are here:
a +0 club; a +0 robe; a gnoll corpse You see here a +0 whip.
There is a stone staircase leading down, spattered with blood here.
You start resting.
HP restored.
You climb downwards.
The gnoll barely misses you. The wight barely misses you.
There is a stone staircase leading up here.
The gnoll closely misses you. The wight barely misses you.
You furiously retaliate!
You headbutt the wight!
The wight hits you with a +4 battleaxe of freezing!!
You feel drained. The wight freezes you.
You climb upwards.
There is a stone staircase leading down, spattered with blood here.
The wight hits you with a +0 long sword!
You feel drained. The wight attacks as it pursues you!
The wight hits you with a +4 battleaxe of freezing!
You feel drained. The wight freezes you.
You hit the wight but do no damage.
The wight is heavily damaged.
The gnoll completely misses you. The wight completely misses you.
The wight hits you with a +4 battleaxe of freezing!!
* * * LOW HITPOINT WARNING * * *
The wight freezes you!
You die...

######## ###.## #......####.#..#
##...###.#..####. ####
##..######.### #. ##..##
##..#####...## #. #
####....####........^...# #.
####.......................## #.
.....................#####..####.
#.........####..@..### #.......
##.......##....gzz## ##.....#
##.............).### ##..####
##.................######..##
#..............##..........#
##..............###.........##
.....#######....# #...###....####
......# ###....####..##.......##
......####.......# #..#...##.....


You could see 2 wights and a gnoll.

Vanquished Creatures
  A steam dragon (D:5)
  Pargi (Sewer)
  2 ice beasts (D:6)
  A black bear (D:6)
  An ogre (D:5)
  2 phantoms
  A brain worm (Sewer)
  2 scorpions (D:4)
  A howler monkey (D:6)
  A hound (D:6)
  2 bombardier beetles
  A gnoll bouda (D:6)
  A jelly (D:3)
  Jessica (D:2)
  2 iguanas
  An orc wizard (D:6)
  A gnoll (D:6)
  4 adders
  2 shadow imps
  2 ufetubi (D:5)
  A dart slug (D:3)
  7 ribbon worms
  10 orcs
  10 bats
  9 endoplasms
  3 giant cockroaches
  6 goblins
  10 hobgoblins
  7 jackals
  3 quokkas
  4 ball pythons
  A frilled lizard (D:3)
  19 kobolds
  9 rats
129 creatures vanquished.

Notes
Turn   | Place    | Note
-------+----------+-------------------------------------------
     0 | D:1      | CmdrRubz the Minotaur Berserker began the quest for the
                  | Orb.
     0 | D:1      | Reached XP level 1. HP: 19/19 MP: 0/0
    29 | D:1      | Reached XP level 2. HP: 26/27 MP: 1/1
   891 | D:2      | Reached XP level 3. HP: 28/33 MP: 2/2
   928 | D:2      | Noticed Jessica
   936 | D:2      | Killed Jessica
   936 | D:2      | Reached ** piety under Trog
   937 | D:2      | Reached skill level 1 in Maces & Flails
  1041 | D:2      | Reached XP level 4. HP: 34/41 MP: 3/3
  1457 | D:2      | Found a faded altar of an unknown god.
  2054 | D:3      | Reached XP level 5. HP: 34/47 MP: 4/4
  2142 | D:3      | Reached *** piety under Trog
  2332 | D:4      | Reached skill level 5 in Fighting
  2458 | D:4      | Found the +7 Throatcutter {drain, coup de grace}
  2550 | D:4      | Reached skill level 1 in Long Blades
  2550 | D:4      | Reached XP level 6. HP: 56/56 MP: 5/5
  2564 | D:4      | Found Sabe's Weapon Emporium.
  2867 | D:4      | Found a glowing drain.
  2884 | Sewer    | Entered a sewer
  2914 | Sewer    | Noticed Pargi
  2922 | Sewer    | Killed Pargi
  2923 | Sewer    | Reached skill level 5 in Armour
  3027 | D:5      | Entered Level 5 of the Dungeon
  3235 | D:5      | Reached XP level 7. HP: 32/63 MP: 6/6
  3624 | D:5      | Noticed a steam dragon
  3637 | D:5      | Killed a steam dragon
  3638 | D:5      | Reached skill level 5 in Long Blades
  4217 | D:6      | Reached XP level 8. HP: 61/71 MP: 7/7
  4565 | D:6      | Found a staircase to the Ecumenical Temple.
  5301 | D:7      | Found Ypsaaj's Jewellery Shop.
  5346 | D:6      | HP: 2/65 [wight/+4 battleaxe of freezing (21)]
  5346 | D:6      | Mangled by a wight

Illustrated notes

Levels and vault maps discovered:
D:1:      eino_arrival_water_cross, layout_basic, minmay_misc_feat_square,
          hangedman_decor_opposing, nicolae_eternal_life, minivault_23
D:2:      wad_crossroads, layout_basic, hellmonk_ecumenical_altar_blasted,
          minmay_split_cup_large, uniq_jessica
D:3:      layout_rooms, chequers_serial_rivers_room_b
D:4:      layout_rooms, cheibrodos_sewer_entry_bend, serial_shops,
          nicolae_shop_bloodbath_and_beyond, dilly_guarded_unrand_throatcut
D:5:      layout_loops_cross
D:6:      layout_layer_cave, minmay_temple_entry_arrows,
          kennysheep_generic_room_2
D:7:      layout_gridville, slow_altar_1, serial_shops, shop

Skill      XL: |  1  2  3  4  5  6  7  8 |
---------------+-------------------------+-----
Fighting       | 4 5 6 7 |  7.3
Axes           | 4 |  4.1
Armour         | 3 4 5 6 |  6.7
Maces & Flails | 1 3 |  3.8
Long Blades    | 1 4 6 7 |  7.1
Dodging        | |  2.1

Action                     |  1- 3 |  4- 6 |  7- 9 || total
---------------------------+-------+-------+-------++-------
  Melee: Hand axe          |    45 |       |       ||    45
         Headbutt          |     5 |    28 |    15 ||    48
         Whip              |    21 |   155 |    87 ||   263
         Punch             |     2 |     1 |       ||     3
 Invoke: Berserk           |       |     2 |     1 ||     3
 Armour: Ring mail         |    42 |    92 |    54 ||   188
         Troll leather arm |       |       |    10 ||    10
  Dodge: Dodged            |    32 |    83 |    53 ||   168
